 Dungeon Crawl Stone Soup version 0.29.1-1-gd02db6906a (webtiles) character file.

Game seed: 16875203024633718843

79 Gabide the Sneak (level 4, -2/42 HPs)
             Began as a Naga Monk on Sept 29, 2022.
             Slain by a gnoll
             ... wielding a +0 whip
              (7 damage)
             ... on level 2 of the Dungeon.
             The game lasted 00:05:08 (2028 turns).

Gabide the Sneak (Naga Monk)                        Turns: 2028, Time: 00:05:10

Health: -2/42      AC:  2    Str: 13    XL:     4   Next: 37%
Magic:  4/4        EV: 10    Int: 11    God:
Gold:   91         SH:  0    Dex: 15    Spells: 3/3 levels left

rFire   . . .      SeeInvis +   a - +0 short sword
rCold   . . .      Faith    .   (no shield)
rNeg    . . .      Spirit   .   b - +0 robe
rPois   +          Reflect  .   (no helmet)
rElec   .          Harm     .   (no cloak)
rCorr   .          Rampage  .   (no gloves)
Will    .....                   (no barding)
Stlth   +++.......              (no amulet)
HPRegen 0.14/turn               (no ring)
MPRegen 0.09/turn               (no ring)

@: short of breath, very slow
A: AC +1, large, see invisible, deformed body, poison resistance, slowness 2,
spit poison 1, naga tail 1
a: Spit Poison


You were on level 2 of the Dungeon.
You visited 1 branch of the dungeon, and saw 2 of its levels.

You collected 91 gold pieces.

Inventory:

Hand Weapons
 a - a +0 short sword (weapon)
Missiles
 h - 6 poisoned darts
Armour
 b - a +0 robe (worn)
Wands
 j - a wand of roots (13)
Scrolls
 g - 4 scrolls of identify {unknown}
 i - a scroll of enchant armour {unknown}
Potions
 c - a potion of lignification {unknown}
 d - a potion of magic {unknown}
 e - a potion of mutation {unknown}
 f - a potion of degeneration {unknown}


   Skills:
 + Level 3.5 Fighting
 + Level 3.6 Short Blades
 + Level 3.0 Dodging
 + Level 4.2 Stealth


You had 3 spell levels left.
You didn't know any spells.
Your spell library contained the following spells:

 Spells                   Type           Power      Damage    Failure   Level
 Freeze                   Ice            0%         1d3       34%         1
 Frozen Ramparts          Ice            0%         1d1       71%         3
 Hailstorm                Conj/Ice       0%         3d3       98%         4


Dungeon Overview and Level Annotations

Branches:
Dungeon (2/15)

Altars:


Innate Abilities, Weirdness & Mutations

Your serpentine skin is tough. (AC +1)
You have supernaturally acute eyesight. (SInv)
Armour fits poorly on your strangely shaped body.
Your system is resistant to poisons. (rPois)
You cover ground very slowly.
You can spit poison.
You have a snake-like lower body.


Message History

The bat attacks as you move away! The bat hits you.
You kill the gnoll!
The bat completely misses you.
You have got your breath back.
The gnoll closely misses you.
The splash of poison hits the gnoll!
The gnoll is poisoned.
The gnoll is heavily wounded.
The gnoll hits you from afar with a +0 halberd!
Unknown command.
Unknown command.
Unknown command.
The gnoll hits you from afar with a +0 halberd!
You have got your breath back.
Aiming: Spit Poison (1% risk of failure)
Press: ? - help, Q - select action, (/) - cycle Shift-Dir - straight line, f/p - gnoll
Aim: a gnoll, wielding a +0 halberd (almost dead, poisoned, 65% to hit)
The splash of poison hits the gnoll!
The gnoll looks even sicker.
You kill the gnoll!
Your Dodging skill increases to level 3!
You have got your breath back.
Aiming: Spit Poison (1% risk of failure)
Press: ? - help, Q - select action, (/) - cycle Shift-Dir - straight line, f - gnoll
Aim: a gnoll, wielding a +0 whip (65% to hit)
The splash of poison hits the gnoll!
The gnoll is poisoned.
The gnoll is heavily wounded.
The gnoll hits you with a +0 whip.
There are no items here.
Unknown command.
The gnoll attacks as you move away! The gnoll hits you with a +0 whip.
* * * LOW HITPOINT WARNING * * *
You have got your breath back.
The gnoll hits you with a +0 whip.
* * * LOW HITPOINT WARNING * * *
Aiming: Spit Poison (1% risk of failure)
Press: ? - help, Q - select action, (/) - cycle Shift-Dir - straight line, f/p - gnoll
Aim: a gnoll, wielding a +0 whip (heavily wounded, poisoned, 65% to hit)
The splash of poison misses the gnoll.
The splash of poison hits the bat.
You kill the bat!
The gnoll hits you with a +0 whip!
You die...

#................#####.......#
####.####......#.#####...........
#....# #....).#.# #.##.......#
#.#### #†##.###.# #.##........
#.# #.##.# #.#####.##........ #.#
#.##.# #.......#####..... #.#
#.##.# ######### #.#...
#.#######.##.######### #.#..#
......w...##....@gg..# #.#..#
###.########..######.# #.#..# #.#
#..# #.#######).... #.# #..#
#.b.gb.g...... #.# #..#
###########... #.# #..# #... #.#
#..# .g.. #.# #... g.... .g....


You could see 2 gnolls.

Vanquished Creatures
  An adder (D:2)
  2 gnolls (D:2)
  2 worms (D:2)
  3 dart slugs (D:1)
  4 ball pythons (D:1)
  4 bats
  3 endoplasms (D:1)
  7 goblins
  2 hobgoblins (D:1)
  5 kobolds
  2 quokkas (D:1)
  3 rats
38 creatures vanquished.

Notes
Turn   | Place    | Note
-------+----------+-------------------------------------------
     0 | D:1      | Gabide the Naga Monk began the quest for the Orb.
     0 | D:1      | Reached XP level 1. HP: 21/21 MP: 1/1
   228 | D:1      | Reached XP level 2. HP: 28/28 MP: 2/2
   842 | D:1      | Reached XP level 3. HP: 34/34 MP: 3/3
  1920 | D:2      | Reached skill level 4 in Stealth
  1969 | D:2      | Reached XP level 4. HP: 42/42 MP: 4/4
  2028 | D:2      | Slain by a gnoll

Illustrated notes

Levels and vault maps discovered:
D:1:      dpeg_arrival_stone_temple_mockup, layout_basic
D:2:      layout_loops_ring, kennysheep_generic_room_8

Skill      XL: |  1  2  3  4 |
---------------+-------------+-----
Stealth        | 4 |  4.2
Dodging        | 3 |  3.0
Fighting       | |  3.5
Short Blades   | |  3.6

Action                   |  1- 3 |  4- 6 || total
-------------------------+-------+-------++-------
Melee: Short sword       |   129 |       ||   129
 Abil: Spit Poison       |    14 |     6 ||    20
  Use: Potion            |     1 |       ||     1
 Stab: Sleeping          |     8 |       ||     8
       Distracted        |     1 |       ||     1
Armor: Robe              |    24 |     3 ||    27
Dodge: Dodged            |    61 |    10 ||    71
